SL
ROCKY MOUNTAIN NUGGETS @ FT. WORTH CATTLEMEN
09/14/2029
 
TOP OF THE 1ST
Rocky Mountain Nuggets batting - Pitching for Ft. Worth Cattlemen : LHP Paul Díaz
Pitching: LHP Paul Díaz
Batting: RHB Luis Ríos 0-0: Ball
1-0: Foul Ball, location: 2F
1-1: SINGLE (Groundball, 34D)
Batting: LHB Ricky Payton 0-0: Ball
1-0: Called Strike
1-1: Called Strike
1-2: Ball
2-2: Strikes out swinging
Luis Ríos steals 2nd base
Batter strikes out.
Batting: RHB Iván Vega 0-0: Called Strike
0-1: Foul Ball, location: 2F
0-2: Ball
1-2: Foul Ball, location: 2F
1-2: Ball
2-2: Foul Ball, location: 2F
2-2: Ball
3-2: Foul Ball, location: 2F
3-2: Base on Balls
Batting: RHB Andrés Rodríguez 0-0: Ball
1-0: Fly out, F9 (Line Drive, 9S)
Batting: LHB Javier Sánchez 0-0: SINGLE (Groundball, 6MD)
Luis Ríos to third
Iván Vega to second
Runner from 3rd tries for Home, SAFE, no throw
Batting: RHB Ludwig Kluge 0-0: Called Strike
0-1: Ball
1-1: Ball
2-1: Ball
3-1: Called Strike
3-2: Foul Ball, location: 2F
3-2: Strikes out looking
Top of the 1st over - 1 run, 2 hits, 0 errors, 2 left on base; Rocky Mountain 1 - Ft. Worth 0
BOTTOM OF THE 1ST
Ft. Worth Cattlemen batting - Pitching for Rocky Mountain Nuggets : RHP Juan Guillén
Pitching: RHP Juan Guillén
Batting: LHB Jesús Morales 0-0: Ball
1-0: Called Strike
1-1: Ball
2-1: Foul Ball, location: 2F
2-2: Foul Ball, location: 2F
2-2: Foul Ball, location: 2F
2-2: Fly out, F8 (Flyball, 8RXD)
Batting: LHB Chris Etheridge 0-0: Foul Ball, location: 2F
0-1: Ground out 6-3 (Groundball, 6)
Batting: RHB Bart Lewis 0-0: Called Strike
0-1: Ball
1-1: Ball
2-1: Swinging Strike
2-2: Strikes out swinging
Bottom of the 1st over - 0 runs, 0 hits, 0 errors, 0 left on base; Rocky Mountain 1 - Ft. Worth 0
TOP OF THE 2ND
Rocky Mountain Nuggets batting - Pitching for Ft. Worth Cattlemen : LHP Paul Díaz
Batting: LHB Willis Baker 0-0: Ball
1-0: Swinging Strike
1-1: Ball
2-1: Foul Ball, location: 2F
2-2: Ball
3-2: Ground out 3-1 (Groundball, 34S)
Batting: RHB Travis Newsome 0-0: Ball
1-0: Foul Ball, location: 2F
1-1: Ball
2-1: Ball
3-1: Base on Balls
Batting: RHB Anthony Johnston 0-0: Ball
1-0: Ball
2-0: Grounds into double play, 5-4-3 (Groundball, 56)
Top of the 2nd over - 0 runs, 0 hits, 0 errors, 0 left on base; Rocky Mountain 1 - Ft. Worth 0
BOTTOM OF THE 2ND
Ft. Worth Cattlemen batting - Pitching for Rocky Mountain Nuggets : RHP Juan Guillén
Batting: LHB Rick Mayfield 0-0: Called Strike
0-1: Foul Ball, location: 2F
0-2: Ball
1-2: Ball
2-2: Foul Ball, location: 2F
2-2: Ball
3-2: Ground out 4-3 (Groundball, 4)
Batting: SHB Marcos Roa 0-0: Ball
1-0: Ball
2-0: Ball
3-0: Called Strike
3-1: Foul Ball, location: 2F
3-2: SOLO HOME RUN (Flyball, 9D), Distance : 384 ft
Batting: RHB Gilberto Juárez 0-0: Foul Ball, location: 2F
0-1: Ground out 4-3 (Groundball, 4M)
Batting: SHB Javier Vázquez 0-0: Foul Ball, location: 2F
0-1: Ball
1-1: Swinging Strike
1-2: Fly out, F2 (Popup, 25F)
Bottom of the 2nd over - 1 run, 1 hit, 0 errors, 0 left on base; Rocky Mountain 1 - Ft. Worth 1
TOP OF THE 3RD
Rocky Mountain Nuggets batting - Pitching for Ft. Worth Cattlemen : LHP Paul Díaz
Batting: RHB Luis Ríos 0-0: Called Strike
0-1: Foul Ball, location: 2F
0-2: Ball
1-2: Foul Ball, location: 2F
1-2: Ball
2-2: Foul Ball, location: 2F
2-2: Strikes out looking
Batting: LHB Ricky Payton 0-0: Ball
1-0: Foul Ball, location: 2F
1-1: DOUBLE (Groundball, 5L)
Batting: RHB Iván Vega 0-0: Ball
1-0: SINGLE (Groundball, 56D)
Ricky Payton to third
Runner from 3rd tries for Home, SAFE, no throw
Batting: RHB Andrés Rodríguez 0-0: Ball
1-0: Fly out, F9 (Line Drive, 9)
Batting: LHB Javier Sánchez 0-0: Ball
Iván Vega steals 2nd base
1-0: Foul Ball, location: 2F
1-1: Ball
2-1: SINGLE (Line Drive, 34D)
Iván Vega to third
Runner from 3rd tries for Home, throw and OUT!
Top of the 3rd over - 1 run, 3 hits, 0 errors, 1 left on base; Rocky Mountain 2 - Ft. Worth 1
BOTTOM OF THE 3RD
Ft. Worth Cattlemen batting - Pitching for Rocky Mountain Nuggets : RHP Juan Guillén
Batting: RHB Lloyd Alberink 0-0: Ground out 3-1 (Groundball, 34)
Batting: RHB Jesús Martínez 0-0: Called Strike
0-1: Called Strike
0-2: Ball
1-2: Foul Ball, location: 2F
1-2: Ball
2-2: Foul Ball, location: 2F
2-2: Ground out 4-3 (Groundball, 4)
Batting: LHB Jesús Morales 0-0: Foul Ball, location: 2F
0-1: Foul Ball, location: 2F
0-2: Foul Ball, location: 2F
0-2: Strikes out swinging
Bottom of the 3rd over - 0 runs, 0 hits, 0 errors, 0 left on base; Rocky Mountain 2 - Ft. Worth 1
TOP OF THE 4TH
Rocky Mountain Nuggets batting - Pitching for Ft. Worth Cattlemen : LHP Paul Díaz
Batting: RHB Ludwig Kluge 0-0: Ball
1-0: SINGLE (Groundball, 6MD)
Batting: LHB Willis Baker 0-0: Ball
1-0: Ball
2-0: Grounds into double play, 3-6-3 (Groundball, 34)
Batting: RHB Travis Newsome 0-0: Ball
1-0: Ball
2-0: Called Strike
2-1: Ball
3-1: Foul Ball, location: 2F
3-2: Base on Balls
Batting: RHB Anthony Johnston 0-0: Fly out, F6 (Line Drive, 6)
Top of the 4th over - 0 runs, 1 hit, 0 errors, 1 left on base; Rocky Mountain 2 - Ft. Worth 1
BOTTOM OF THE 4TH
Ft. Worth Cattlemen batting - Pitching for Rocky Mountain Nuggets : RHP Juan Guillén
Batting: LHB Chris Etheridge 0-0: SINGLE (Groundball, 6MS) (infield hit)
Batting: RHB Bart Lewis 0-0: Ball
1-0: Ball
Chris Etheridge steals 2nd base
2-0: Foul Ball, location: 2F
2-1: Ball
3-1: Foul Ball, location: 2F
3-2: Ground out 3-1 (Groundball, 34)
Chris Etheridge to third
Batting: LHB Rick Mayfield 0-0: Ball
1-0: Called Strike
1-1: Ball
2-1: Ball
3-1: Base on Balls
Batting: SHB Marcos Roa 0-0: Ball
1-0: Foul Ball, location: 2F
1-1: Fly out, F1 (Line Drive, 15S)
Batting: RHB Gilberto Juárez 0-0: Ball
1-0: Called Strike
1-1: Ball
2-1: Foul Ball, location: 2F
2-2: Fielders Choice at 2nd, 6-4 (Groundball, 6)
Bottom of the 4th over - 0 runs, 1 hit, 0 errors, 2 left on base; Rocky Mountain 2 - Ft. Worth 1
TOP OF THE 5TH
Rocky Mountain Nuggets batting - Pitching for Ft. Worth Cattlemen : LHP Paul Díaz
Batting: RHB Luis Ríos 0-0: SINGLE (Groundball, 4MD)
Batting: LHB Ricky Payton 0-0: Sac Bunt - play at first, batter safe!
Luis Ríos to second
Batting: RHB Iván Vega 0-0: Swinging Strike
0-1: Ball
1-1: Called Strike
1-2: Grounds into double play, 5-4-3 (Groundball, 56)
Luis Ríos to third
Batting: RHB Andrés Rodríguez 0-0: Ball
1-0: Ball
2-0: Foul Ball, location: 2F
2-1: Foul Ball, location: 2F
2-2: Ball
3-2: Ground out 4-3 (Groundball, 4)
Top of the 5th over - 0 runs, 2 hits, 0 errors, 1 left on base; Rocky Mountain 2 - Ft. Worth 1
BOTTOM OF THE 5TH
Ft. Worth Cattlemen batting - Pitching for Rocky Mountain Nuggets : RHP Juan Guillén
Batting: SHB Javier Vázquez 0-0: Ball
1-0: Called Strike
1-1: Foul Ball, location: 2F
1-2: Ball
2-2: SINGLE (Groundball, 34D)
Batting: RHB Lloyd Alberink 0-0: Ball
1-0: Ball
2-0: Sac Bunt - play at first, batter OUT! 2-4
Javier Vázquez to second
Batting: RHB Jesús Martínez Balk!
Javier Vázquez to third
0-0: Called Strike
0-1: Called Strike
0-2: Ball
1-2: Foul Ball, location: 2F
1-2: Ball
2-2: Ball
3-2: Foul Ball, location: 2F
3-2: Fly out, F3 (Popup, 3SF)
Batting: LHB Jesús Morales 0-0: Called Strike
0-1: Fly out, F4 (Popup, 4D)
Bottom of the 5th over - 0 runs, 1 hit, 0 errors, 1 left on base; Rocky Mountain 2 - Ft. Worth 1
TOP OF THE 6TH
Rocky Mountain Nuggets batting - Pitching for Ft. Worth Cattlemen : LHP Paul Díaz
Batting: LHB Javier Sánchez 0-0: Ground out 5-3 (Groundball, 6)
Batting: RHB Ludwig Kluge 0-0: Ball
1-0: Ball
2-0: Foul Ball, location: 2F
2-1: Called Strike
2-2: Ground out 4-3 (Groundball, 34)
Batting: LHB Willis Baker 0-0: Ball
1-0: Ball
2-0: Swinging Strike
2-1: Foul Ball, location: 2F
2-2: Fly out, F8 (Flyball, 8LS)
Top of the 6th over - 0 runs, 0 hits, 0 errors, 0 left on base; Rocky Mountain 2 - Ft. Worth 1
BOTTOM OF THE 6TH
Ft. Worth Cattlemen batting - Pitching for Rocky Mountain Nuggets : RHP Juan Guillén
Batting: LHB Chris Etheridge 0-0: Ball
1-0: Foul Ball, location: 2F
1-1: DOUBLE (Flyball, 78XD)
Batting: RHB Bart Lewis 0-0: Ball
1-0: Foul Ball, location: 2F
1-1: Swinging Strike
1-2: Ball
2-2: SINGLE (Line Drive, 9S)
Chris Etheridge to third
Runner from 3rd tries for Home, SAFE, no throw
Batting: LHB Rick Mayfield 0-0: Ball
1-0: Foul Ball, location: 2F
1-1: Called Strike
1-2: Strikes out swinging
Batting: SHB Marcos Roa 0-0: Swinging Strike
0-1: Called Strike
0-2: Strikes out swinging
Batting: RHB Gilberto Juárez 0-0: Ground out 5-3 (Groundball, 5S)
Bottom of the 6th over - 1 run, 2 hits, 0 errors, 1 left on base; Rocky Mountain 2 - Ft. Worth 2
TOP OF THE 7TH
Rocky Mountain Nuggets batting - Pitching for Ft. Worth Cattlemen : LHP Paul Díaz
Batting: RHB Travis Newsome 0-0: Ball
1-0: Called Strike
1-1: Swinging Strike
1-2: Strikes out swinging
Batting: RHB Anthony Johnston 0-0: Ground out 4-3 (Groundball, 4)
Batting: RHB Luis Ríos 0-0: Ball
1-0: SINGLE (Line Drive, 9LS)
Pitching: LHP Jason Horne
Pinch Hitting: RHB Wes Shannon 0-0: Called Strike
0-1: Ball
1-1: Ball
2-1: Ball
Luis Ríos steals 2nd base
3-1: Fly out, F9 (Flyball, 89D)
Top of the 7th over - 0 runs, 1 hit, 0 errors, 1 left on base; Rocky Mountain 2 - Ft. Worth 2
BOTTOM OF THE 7TH
Ft. Worth Cattlemen batting - Pitching for Rocky Mountain Nuggets : RHP Juan Guillén
Now in LF: Wes Shannon
Batting: SHB Javier Vázquez 0-0: Called Strike
0-1: Ball
1-1: Foul Ball, location: 2F
1-2: Ball
2-2: Strikes out swinging
Batting: RHB Lloyd Alberink 0-0: Called Strike
0-1: Ball
1-1: DOUBLE (Line Drive, 8RD)
Batting: RHB Jesús Martínez 0-0: Ball
1-0: Foul Ball, location: 2F
1-1: Ground out 6-3 (Groundball, 56)
Pitching: RHP Carlos Trevino
Batting: LHB Jesús Morales 0-0: Swinging Strike
0-1: SINGLE (Groundball, 34) (infield hit)
Lloyd Alberink to third
Batting: LHB Chris Etheridge 0-0: Ball
1-0: Ball
2-0: Ball
3-0: Called Strike
3-1: Fly out, F9 (Flyball, 9LSF)
Bottom of the 7th over - 0 runs, 2 hits, 0 errors, 2 left on base; Rocky Mountain 2 - Ft. Worth 2
TOP OF THE 8TH
Rocky Mountain Nuggets batting - Pitching for Ft. Worth Cattlemen : LHP Jason Horne
Batting: RHB Iván Vega 0-0: Called Strike
0-1: Foul Ball, location: 2F
0-2: Ball
1-2: Ball
2-2: SINGLE (Line Drive, 78M)
Batting: RHB Andrés Rodríguez 0-0: Grounds into double play, 4-6-3 (Groundball, 4)
Batting: LHB Javier Sánchez 0-0: Called Strike
0-1: Called Strike
0-2: Foul Ball, location: 2F
0-2: Ball
1-2: Ground out U3 (Groundball, 34S)
Top of the 8th over - 0 runs, 1 hit, 0 errors, 0 left on base; Rocky Mountain 2 - Ft. Worth 2
BOTTOM OF THE 8TH
Ft. Worth Cattlemen batting - Pitching for Rocky Mountain Nuggets : RHP Carlos Trevino
Batting: RHB Bart Lewis 0-0: Swinging Strike
0-1: Foul Ball, location: 2F
0-2: Ball
1-2: Foul Ball, location: 2F
1-2: Foul Ball, location: 2F
1-2: SINGLE (Line Drive, 56D)
Pinch Runner at 1st Nobuo Yamashita:
Batting: LHB Rick Mayfield 0-0: Foul Ball, location: 2F
0-1: Swinging Strike
0-2: Hit by Pitch
Nobuo Yamashita to second
Batting: SHB Marcos Roa 0-0: Ball
1-0: 3-RUN HOME RUN (Flyball, 9D), Distance : 384 ft
Pitching: RHP Nam Yee Yong
Batting: RHB Gilberto Juárez 0-0: Ball
1-0: Ball
2-0: Called Strike
2-1: Ball
3-1: Base on Balls
Batting: SHB Javier Vázquez 0-0: Ball
1-0: Called Strike
1-1: Foul Ball, location: 2F
1-2: Foul Ball, location: 2F
1-2: Fly out, F7 (Flyball, 7S)
Batting: RHB Lloyd Alberink 0-0: Called Strike
0-1: Ball
1-1: Ball
2-1: Swinging Strike
2-2: Ball
3-2: Strikes out looking
Gilberto Juárez steals 2nd base
Batter strikes out.
Batting: RHB Jesús Martínez 0-0: Called Strike
0-1: Ball
1-1: Ball
2-1: Ground out 5-3 (Groundball, 56)
Bottom of the 8th over - 3 runs, 2 hits, 0 errors, 1 left on base; Rocky Mountain 2 - Ft. Worth 5
TOP OF THE 9TH
Rocky Mountain Nuggets batting - Pitching for Ft. Worth Cattlemen : LHP Jason Horne
Pitching: LHP Asher Spivey
Batting: RHB Ludwig Kluge 0-0: Ball
1-0: Called Strike
1-1: Ground out 5-3 (Groundball, 56S)
Batting: LHB Willis Baker 0-0: Ball
1-0: Foul Ball, location: 2F
1-1: Called Strike
1-2: Ball
2-2: Ball
3-2: Foul Ball, location: 2F
3-2: SINGLE (Line Drive, 3D)
Batting: RHB Travis Newsome 0-0: Ball
1-0: Swinging Strike
1-1: Grounds into double play, 5-4-3 (Groundball, 56)
Top of the 9th over - 0 runs, 1 hit, 0 errors, 0 left on base; Rocky Mountain 2 - Ft. Worth 5
Tuesday, December 19th, 2017 - OOTP Baseball 18.8 Build 76